 Dungeon Crawl Stone Soup version 0.30-a0-576-g89cddaab80 (webtiles) character file.

Game seed: 14771112131442605341

168559 wormed the Imperceptible (level 17, -23/94 HPs)
             Began as a Spriggan Hunter on Dec 31, 2022.
             Was the Champion of Okawaru.
             Killed from afar by Asterion (52 damage)
             ... with a fireball
             ... on level 4 of the Snake Pit.
             The game lasted 00:52:46 (29986 turns).

wormed the Imperceptible (Spriggan Hunter)         Turns: 29986, Time: 00:52:47

Health: -23/94     AC:  9    Str:  3    XL:     17   Next: 33%
Magic:  24/24      EV: 39    Int: 12    God:    Okawaru [******]
Gold:   2812       SH:  0    Dex: 25    Spells: 22/24 levels left

rFire   . . .      SeeInvis +    f - +6 arbalest of Ujoxzaeto {speed, rC+}
rCold   + + +      Faith    +    (shield currently unavailable)
rNeg    . . .      Spirit   .    J - +4 skin of Zhor {*Englaciate rC+++ SInv}
rPois   +          Reflect  .    k - +1 hat
rElec   .          Harm     .    Y - +1 cloak of Monotheism {Will+++ Regen+ rCorr Str-4}
rCorr   +          Rampage  .    (gloves unavailable)
Will    +++++                    (boots unavailable)
Stlth   +++++++++                u - amulet of faith
HPRegen 1.15/turn                S - ring of poison resistance
MPRegen 0.19/turn                r - ring of willpower

@: very quick
A: very small, no large weapons, unfitting armour, see invisible, speed 3
a: Renounce Religion, Heroism, Finesse, Duel


You were on level 4 of the Snake Pit.
You worshipped Okawaru.
Okawaru was exalted by your worship.
You visited 5 branches of the dungeon, and saw 27 of its levels.
You also visited: Ice Cave.

You collected 4338 gold pieces.
You spent 1526 gold pieces at shops.

Inventory:

Hand Weapons
 f - the +6 arbalest of Ujoxzaeto (weapon) {speed, rC+}
   (Okawaru gifted it to you on level 4 of the Snake Pit)

   Attacks with this weapon are significantly faster.
   rC:        It protects you from cold.
Missiles
 n - 4 throwing nets
Armour
 j - a scarf of repulsion
 k - a +1 hat (worn)
 J - the +4 skin of Zhor (worn) {*Englaciate rC+++ SInv}
   (Okawaru gifted it to you on level 9 of the Dungeon)

   It radiates cold, occasionally slowing all nearby creatures who are not
   resistant to cold.
   rC:        It renders you almost immune to cold.
   SInv:      It lets you see invisible.
 R - the +0 hat "Qeish" {rC++}
   (Okawaru gifted it to you on level 14 of the Dungeon)

   rC:        It greatly protects you from cold.
 Y - the +1 cloak of Monotheism (worn) {Will+++ Regen+ rCorr Str-4}
   (Okawaru gifted it to you on level 2 of the Snake Pit)

   Str:       It affects your strength (-4).
   Regen:     It increases your rate of health regeneration.
   rCorr:     It protects you from acid and corrosion.
   Will:      It greatly increases your willpower.
Jewellery
 r - a ring of willpower (right hand)
 u - an amulet of faith (around neck)
 A - a ring of positive energy
 C - a ring of resist corrosion
 D - the ring "Xecivar" {rElec rF+ Str-3 Int+3}
   (You bought it in a shop on level 2 of the Orcish Mines)

   [ring of protection from fire]

   Str:       It affects your strength (-3).
   Int:       It affects your intelligence (+3).
   rF:        It protects you from fire.
   rElec:     It insulates you from electricity.
 I - a ring of flight
 P - an amulet of regeneration
 S - a ring of poison resistance (left hand)
 U - a +4 ring of protection
 Z - an amulet of guardian spirit
Wands
 v - a wand of polymorph (2)
 w - a wand of flame (10)
 E - a wand of iceblast (25)
 G - a wand of mindburst (29)
Scrolls
 a - a scroll of silence
 b - 3 scrolls of immolation
 d - 5 scrolls of enchant armour
 g - 7 scrolls of teleportation
 l - 7 scrolls of vulnerability
 p - 3 scrolls of fear
 q - 7 scrolls of poison
 s - 4 scrolls of magic mapping
 x - 8 scrolls of blinking
 y - 7 scrolls of fog
 H - 4 scrolls of amnesia {unknown}
 V - 2 scrolls of enchant weapon
 X - 2 scrolls of identify
Potions
 c - 3 potions of invisibility
 e - 10 potions of might
 h - 5 potions of mutation
 i - 3 potions of magic
 m - 6 potions of degeneration
 o - 3 potions of berserk rage
 t - 2 potions of resistance
 z - 3 potions of brilliance
 B - a potion of haste
 F - 6 potions of attraction
 L - 5 potions of lignification
 M - a potion of cancellation
 N - 2 potions of heal wounds
 O - 7 potions of curing
 Q - 2 potions of flight
 W - 2 potions of ambrosia
Miscellaneous
 K - a tin of tremorstones (2/2)


   Skills:
 + Level 12.7 Fighting
 - Level 18.0 Ranged Weapons
 + Level 19.0 Dodging
 + Level 21.9 Stealth
 - Level 4.0 Spellcasting
 - Level 6.0 Translocations
 * Level 7.8 Invocations


You had 22 spell levels left.
You knew the following spells:

 Your Spells              Type           Power      Damage    Failure   Level
a - Blink                 Tloc           32%        N/A       2%          2

Your spell library contained the following spells:

 Spells                   Type           Power      Damage    Failure   Level
 Lesser Beckoning         Tloc           32%        N/A       5%          3
 Momentum Strike          Conj/Tloc      18%        3d8       10%         2
 Kiss of Death            Conj/Necr      8%         2d6       22%         1
 Magic Dart               Conj           8%         1d3       22%         1
 Shock                    Conj/Air       8%         1d3       22%         1
 Slow                     Hex            8%         N/A       22%         1
 Kindle Blastsparks       Fire/Tloc/Air  14%        2d11      28%         3
 Cigotuvi's Dreadful Rot  Necr/Pois/Air  4%         N/A       32%         2
 Ensorcelled Hibernation  Hex/Ice        4%         N/A       32%         2
 Passwall                 Tmut/Erth      1%         N/A       32%         2
 Poisonous Vapours        Pois/Air       4%         N/A       32%         2
 Searing Ray              Conj           4%         2d4       32%         2
 Confusing Touch          Hex            2%         N/A       54%         3
 Dazzling Flash           Conj/Hex       4%         N/A       54%         3
 Inner Flame              Hex/Fire       2%         N/A       54%         3
 Mephitic Cloud           Conj/Pois/Air  2%         N/A       54%         3
 Swiftness                Air            2%         N/A       54%         3
 Vampiric Draining        Necr           2%         2d6       54%         3
 Iskenderun's Mystic Bla  Conj/Tloc      9%         2d4       54%         4
 Airstrike                Air            1%         2d(1-17)  91%         4
 Anguish                  Hex/Necr       1%         N/A       91%         4
 Cause Fear               Hex            1%         N/A       91%         4
 Dispel Undead            Necr           2%         3d7       91%         4
 Fulminant Prism          Conj/Hex       1%         3d5       91%         4
 Lee's Rapid Deconstruct  Erth           1%         3d4*      99%         5
 Lightning Bolt           Conj/Air       1%         1d12      99%         5
 Enfeeble                 Hex            1%         N/A       100%        7
 Discord                  Hex            1%         N/A       100%        8
 Summon Guardian Golem    Hex/Summ       Unusable   N/A       N/A         3
 Summon Lightning Spire   Summ/Air       Unusable   N/A       N/A         4

Dungeon Overview and Level Annotations

Branches:
Dungeon (15/15)            Temple (1/1) D:4            Lair (5/5) D:9
 Shoals (0/4) Lair:2        Snake (4/4) Lair:2        Slime (0/5) Lair:4
    Orc (2/2) D:9             Elf (0/3) Orc:2        Vaults (0/5) D:14
 Depths (0/4) D:15          IceCv (visited)

Altars:
Ashenzari
Cheibriados
Dithmenos
Elyvilon
Fedhas
Gozag
Hepliaklqana
Kikubaaqudgha
Makhleb
Nemelex Xobeh
Okawaru
Qazlal
Ru
Sif Muna
Trog
Uskayaw
Vehumet
Wu Jian
Xom
Yredelemnul
Zin
The Shining One
Jiyva

Shops:
Orc:2 [=((   Snake:1 [(:

Annotations:
Snake:4 Asterion


Innate Abilities, Weirdness & Mutations

You are very small and have problems with some larger weapons.
You are too small for most types of armour.
You have supernaturally acute eyesight. (SInv)
You cover ground extremely quickly. (Speed+++)


Message History

You shoot a bolt.
Asterion blocks the bolt.
Asterion is no longer moving slowly.
The cacodemon gestures at you. The bolt of energy misses you.
Asterion hits you with a +4 demon blade of electrocution!!!
Asterion gores you but does no damage.
Fire: f) +6 arbalest of Ujoxzaeto {speed, rC+}
Press: ? - help, Q - select action, (/) - cycle Shift-Dir - straight line, f/p - Asterion
Aim: Asterion, wielding a +4 demon blade of electrocution, wearing a +0 scale mail and wearing a +0 kite shield (heavily wounded, fast, 93% to hit)
You shoot a bolt. The bolt hits Asterion!!
Asterion is severely wounded.
You radiate an aura of cold.
Asterion seems to slow down.
The cacodemon seems to slow down.
Fire: f) +6 arbalest of Ujoxzaeto {speed, rC+}
Press: ? - help, Q - select action, (/) - cycle Shift-Dir - straight line, f/p - Asterion
Aim: Asterion, wielding a +4 demon blade of electrocution, wearing a +0 scale mail and wearing a +0 kite shield (severely wounded, fast, slow, 93% to hit)
You shoot a bolt.
The bolt hits Asterion but does no damage.
Asterion is severely wounded.
Asterion hits you with a +4 demon blade of electrocution!
You are electrocuted!
* * * LOW HITPOINT WARNING * * *
Asterion completely misses you.
Fire: f) +6 arbalest of Ujoxzaeto {speed, rC+}
Press: ? - help, Q - select action, (/) - cycle Shift-Dir - straight line, f/p - Asterion
Aim: Asterion, wielding a +4 demon blade of electrocution, wearing a +0 scale mail and wearing a +0 kite shield (severely wounded, fast, slow, 93% to hit)
You shoot a bolt. The bolt hits Asterion!
Asterion is severely wounded.
Asterion is no longer moving slowly.
Asterion conjures a destructive force in the name of Makhleb!
The bolt of fire misses you.
Fire: f) +6 arbalest of Ujoxzaeto {speed, rC+}
Press: ? - help, Q - select action, (/) - cycle Shift-Dir - straight line, f/p - Asterion
Aim: Asterion, wielding a +4 demon blade of electrocution, wearing a +0 scale mail and wearing a +0 kite shield (severely wounded, fast, 93% to hit)
You shoot a bolt. The bolt hits Asterion!!
Asterion is almost dead.
Asterion conjures a destructive force in the name of Makhleb!
The fireball explodes!
The fireball engulfs you!!!
Ouch! That really hurt!
You die...

#.................###
###..................#####.#
###....###....#..............#
#......# ##............######.
#......## #............#####.#
#.......# ##.................#
##......####..########.....#.#
#.......##...## #...####
##..........@.## ##...#
#...........H.####....##
#..#...........##...#..#
#.##..............####.## #..
##............## #..## #..
#...........## ##..# ..
#....##..2..# #..###
#...###.#...# ###††<# #..#
#.##..### #)....#


You could see Asterion (fast) and a cacodemon (summoned, slow).

Vanquished Creatures
  Vashnia (Snake:2)
  Rupert (Lair:5)
  Kirke (Lair:4)
  A nagaraja (Snake:2)
  The ghost of Paroid the Transmogrifier, a journeyman DrMo of Wu Jian (Orc:2)
  Aizul (Snake:1)
  The ghost of greenreed the Bludgeoner, a journeyman MiFi of Nemelex Xobeh (Lair:1)
  A stone giant (D:15)
  Nessos (D:15)
  A dire elephant (Lair:1)
  Snorg (D:11)
  A merfolk impaler (D:12)
  Josephine (D:13)
  Erolcha (D:13)
  Fannar (Orc:1)
  The ghost of mhtbhm the Blocker, a journeyman GrFi of Qazlal (D:12)
  2 salamander tyrants (Snake:2)
  The ghost of arthad the Thaumaturge, a journeyman GnHW of Vehumet (D:8)
  5 hydras
  Harold (Orc:2)
  8 centaur warriors
  4 ogre magi (Orc:2)
  A catoblepas (Lair:2)
  2 ironbound frosthearts (IceCv)
  16 two-headed ogres
  9 anacondas
  2 death knights
  3 boulder beetles
  10 naga warriors
  9 death yaks
  7 naga sharpshooters
  2 tengu warriors (D:15)
  A deep elf knight (D:14)
  6 shock serpents
  Sonja (Orc:1)
  4 skeletal warriors (D:14)
  A salamander mystic (Snake:2)
  3 slime creatures (D:14)
  2 naga ritualists
  3 lindwurms
  2 deep elf pyromancers (D:14)
  Pikel (D:5)
  A wolf spider (Lair:5)
  4 mana vipers
  3 orc knights
  A deep elf zephyrmancer (D:14)
  3 cyclopes
  3 manticores
  3 orc sorcerers (Orc:1)
  10 ugly things
  7 salamanders
  8 naga magi
  13 elephants
  41 black mambas
  4 guardian serpents
  A gargoyle (D:11)
  2 unseen horrors (D:12)
  A torpor snail (Lair:1)
  15 cane toads
  An ice statue (IceCv)
  11 komodo dragons
  3 rime drakes
  2 kobold demonologists
  2 freezing wraiths (D:14)
  2 yaktaurs (D:14)
  A tengu conjurer (D:13)
  5 trolls
  6 meliai (D:15)
  5 hornets
  22 blink frogs
  20 polar bears
  A snapping turtle (shapeshifter) (D:8)
  4 dream sheep (Lair:5)
  A centaur simulacrum (D:14)
  7 wraiths
  65 yaks
  Sigmund (D:4)
  6 hogs (Lair:4)
  8 wyverns
  2 shadows
  2 steam dragons
  A human (Lair:4)
  A redback (Lair:5)
  5 basilisks
  A death yak simulacrum (D:13)
  21 vampire mosquitoes
  Edmund (D:6)
  2 wargs
  27 nagas
  5 acid dragons
  31 water moccasins
  24 orc warriors
  5 sky beasts
  6 black bears
  3 ice beasts
  5 boggarts (D:14)
  27 ogres
  23 wolves
  18 centaurs
  2 lemures (D:5)
  2 necrophages
  6 kobold brigands
  10 bullfrogs
  A gnoll sergeant (D:8)
  A two-headed ogre simulacrum (D:13)
  A scorpion (D:9)
  4 wights (D:6)
  2 jellies
  7 killer bees
  2 electric eels
  5 howler monkeys
  10 crimson imps
  A hound (D:4)
  19 orc priests
  A gnoll bouda (D:8)
  3 iguanas
  23 orc wizards
  2 troll simulacra (D:13)
  7 adders
  4 naga simulacra (D:13)
  A shadow imp (D:8)
  5 white imps
  An ufetubus (D:6)
  2 worms
  A dart slug (D:2)
  87 orcs
  10 ball pythons
  4 bats
  9 endoplasms
  4 giant cockroaches
  9 goblins
  9 hobgoblins
  6 jackals
  4 quokkas
  2 frilled lizards
  12 kobolds
  4 rats
  2 butterflies (D:9)
910 creatures vanquished.

Vanquished Creatures (others)
  An orc priest (D:8)
  69 fungi
  110 plants
  14 toadstools (Lair:1)
194 creatures vanquished.

Grand Total: 1104 creatures vanquished

Notes
Turn   | Place    | Note
-------+----------+-------------------------------------------
     0 | D:1      | wormed the Spriggan Hunter began the quest for the Orb.
     0 | D:1      | Reached XP level 1. HP: 10/10 MP: 2/2
   198 | D:1      | Reached skill level 2 in Stealth
   219 | D:1      | Reached XP level 2. HP: 15/15 MP: 3/3
   687 | D:2      | Reached XP level 3. HP: 18/18 MP: 4/4
  1074 | D:2      | Reached skill level 3 in Stealth
  1075 | D:2      | Reached XP level 4. HP: 15/23 MP: 5/5
  1958 | D:3      | Found a radiant altar of Vehumet.
  1960 | D:3      | Reached skill level 5 in Ranged Weapons
  1960 | D:3      | Found a burning altar of Makhleb.
  1989 | D:3      | You fall into a shaft and drop 3 floors!
  2014 | D:6      | Found a bloodstained altar of Trog.
  2036 | D:6      | Noticed a sky beast
  2039 | D:6      | Noticed an ice beast
  2108 | D:6      | Reached XP level 5. HP: 16/27 MP: 6/6
  2148 | D:6      | Reached skill level 4 in Stealth
  2155 | D:6      | Reached XP level 6. HP: 22/32 MP: 7/7
  2311 | D:6      | Noticed Edmund
  2399 | D:5      | Entered Level 5 of the Dungeon
  2543 | D:3      | Found a shimmering altar of Xom.
  2604 | D:3      | Reached skill level 5 in Stealth
  2965 | D:3      | Reached skill level 5 in Dodging
  2985 | D:4      | Reached XP level 7. HP: 36/36 MP: 8/8
  3229 | D:4      | Noticed Sigmund
  3240 | D:4      | Killed Sigmund
  3241 | D:4      | Reached skill level 6 in Stealth
  3319 | D:4      | Found a hide-covered altar of Uskayaw.
  3419 | D:4      | Found a staircase to the Ecumenical Temple.
  3624 | Temple   | Entered the Ecumenical Temple
  3724 | Temple   | Became a worshipper of Warmaster Okawaru
  3944 | D:4      | Reached XP level 8. HP: 40/42 MP: 9/9
  4432 | D:5      | Noticed Pikel
  4450 | D:5      | Killed Pikel
  4450 | D:5      | Reached * piety under Okawaru
  4451 | D:5      | Reached skill level 7 in Stealth
  4686 | D:6      | Reached skill level 8 in Stealth
  4810 | D:6      | Reached XP level 9. HP: 46/46 MP: 10/10
  5168 | D:6      | Killed Edmund
  5272 | D:6      | Reached ** piety under Okawaru
  5578 | D:7      | Reached skill level 5 in Fighting
  5641 | D:7      | Reached skill level 9 in Stealth
  5817 | D:7      | Found a sparkling altar of Nemelex Xobeh.
  5956 | D:7      | Found a glowing silver altar of Zin.
  5956 | D:7      | Found an opulent altar of Gozag.
  5957 | D:7      | Found a white marble altar of Elyvilon.
  5982 | D:7      | Found a shimmering blue altar of Sif Muna.
  6225 | D:8      | Noticed a komodo dragon
  6264 | D:8      | Found a transporter.
  6264 | D:8      | Noticed arthad's ghost (journeyman GnHW)
  6289 | D:8      | Found a transporter.
  6293 | D:8      | a spriggan changed into a salamander
  6293 | D:8      | Noticed a salamander (shapeshifter)
  6294 | D:8      | Noticed a centaur warrior
  6555 | D:8      | Reached *** piety under Okawaru
  6561 | D:8      | Noticed a komodo dragon
  6718 | D:7      | Killed a komodo dragon
  6719 | D:7      | Reached skill level 10 in Ranged Weapons
  6719 | D:7      | Reached skill level 10 in Stealth
  6719 | D:7      | Reached XP level 10. HP: 53/53 MP: 11/11
  6762 | D:7      | HP: 2/53 [komodo dragon (32)]
  7440 | D:8      | Reached **** piety under Okawaru
  7446 | D:8      | Noticed a manticore
  7463 | D:8      | Killed a manticore
  8034 | D:8      | Reached skill level 11 in Stealth
  8105 | D:8      | Noticed a salamander
  8229 | D:8      | Noticed a quicksilver ooze
  8388 | D:8      | Noticed an alligator
  8405 | D:8      | Noticed an anaconda
  8550 | D:9      | Noticed a two-headed ogre
  8599 | D:9      | Killed a two-headed ogre
  8599 | D:9      | Reached ***** piety under Okawaru
  8600 | D:9      | Reached skill level 10 in Dodging
  9379 | D:9      | Reached XP level 11. HP: 58/58 MP: 12/12
  9429 | D:9      | Received a gift from Okawaru
  9429 | D:9      | Found the +4 skin of Zhor {*Englaciate rC+++ SInv}
  9543 | D:9      | Reached skill level 12 in Stealth
  9668 | D:9      | Found a staircase to the Orcish Mines.
  9743 | D:9      | Found a blossoming altar of Fedhas.
  9920 | D:9      | Found a staircase to the Lair.
  9991 | D:10     | Entered Level 10 of the Dungeon
 10314 | D:10     | Noticed a two-headed ogre
 10318 | D:10     | Killed a two-headed ogre
 11215 | D:11     | Noticed a boulder beetle
 11243 | D:11     | Killed a boulder beetle
 11315 | D:11     | Noticed Snorg
 11335 | D:11     | Killed Snorg
 11336 | D:11     | Reached skill level 13 in Stealth
 11794 | D:12     | Noticed a centaur warrior
 11805 | D:12     | Killed a centaur warrior
 11805 | D:12     | Identified the +1 buckler of Awe {Harm Regen+ Str-2 Int+6}
                  | (Okawaru gifted it to you on level 12 of the Dungeon)
 11805 | D:12     | Received a gift from Okawaru
 11809 | D:12     | Reached XP level 12. HP: 48/63 MP: 13/13
 12084 | D:12     | Found a runed translucent gate.
 12084 | D:12     | Noticed a merfolk impaler
 12085 | D:12     | Found a runed translucent gate.
 12086 | D:12     | Found a runed translucent gate.
 12088 | D:12     | Noticed a merfolk impaler
 12089 | D:12     | Noticed a centaur warrior
 12096 | D:12     | Noticed mhtbhm's ghost (journeyman GrFi)
 12429 | D:12     | Found an iron altar of Okawaru.
 12529 | D:8      | Noticed a jorogumo
 12877 | D:8      | Killed arthad's ghost
 12943 | D:8      | Killed a centaur warrior
 12944 | D:8      | Reached skill level 14 in Stealth
 13141 | Lair:1   | Entered Level 1 of the Lair of Beasts
 13141 | Lair:1   | Noticed greenreed's ghost (journeyman MiFi)
 13141 | Lair:1   | Found a runed translucent door.
 13148 | D:9      | Identified a scroll of acquirement
 13149 | D:9      | Acquired 1063 gold pieces
 13658 | Lair:1   | Noticed a seven-headed hydra
 13661 | Lair:1   | Noticed a death yak
 13697 | Lair:1   | Killed a seven-headed hydra
 13722 | Lair:1   | Killed a death yak
 13893 | Lair:1   | Noticed a dire elephant
 13913 | Lair:1   | Found a runed translucent door.
 14123 | Lair:1   | Reached ****** piety under Okawaru
 14408 | Lair:1   | Reached skill level 15 in Stealth
 14419 | Lair:1   | Identified the +1 robe of Fortitude {-Cast Regen+ Str+9
                  | Stlth-} (Okawaru gifted it to you on level 1 of the Lair of
                  | Beasts)
 14419 | Lair:1   | Received a gift from Okawaru
 14458 | Lair:1   | Killed a dire elephant
 14646 | Lair:1   | Identified the +8 spear of Peril {antimagic, rC- Dex+3
                  | Stlth+}
 14813 | Lair:1   | Killed greenreed's ghost
 14814 | Lair:1   | Reached XP level 13. HP: 69/69 MP: 14/14
 15297 | Lair:2   | Found a staircase to the Snake Pit.
 15354 | Lair:2   | Reached skill level 15 in Ranged Weapons
 15452 | Lair:2   | Found a staircase to the Shoals.
 15741 | Lair:2   | Learned a level 2 spell: Blink
 15929 | Lair:3   | Reached skill level 16 in Stealth
 15973 | Lair:3   | Received a gift from Okawaru
 16969 | Lair:4   | Received a gift from Okawaru
 17099 | Lair:4   | Reached XP level 14. HP: 46/75 MP: 15/15
 17358 | Lair:4   | Found a runed translucent door.
 17358 | Lair:4   | Found a viscous altar of Jiyva.
 17365 | Lair:4   | Found a staircase to the Slime Pits.
 17574 | Lair:4   | Noticed Kirke
 17610 | Lair:4   | Reached skill level 17 in Stealth
 17741 | Lair:4   | Noticed a sphinx
 17868 | Lair:4   | Killed Kirke
 18173 | Lair:5   | Entered Level 5 of the Lair of Beasts
 18175 | Lair:5   | Acquired 811 gold pieces
 18432 | Lair:4   | Identified the +0 ice dragon scales "Pojopuef" {-Cast rF-
                  | rC++ rN++ rCorr Dex+2} (Okawaru gifted it to you on level 4
                  | of the Lair of Beasts)
 18432 | Lair:4   | Received a gift from Okawaru
 18760 | Lair:5   | Reached skill level 15 in Dodging
 18799 | Lair:5   | Reached skill level 10 in Fighting
 19308 | Lair:5   | Noticed Rupert
 19825 | Lair:5   | Killed Rupert
 19948 | Lair:5   | Identified the +1 hat "Totohoc" {Harm} (Okawaru gifted it
                  | to you on level 5 of the Lair of Beasts)
 19948 | Lair:5   | Received a gift from Okawaru
 19962 | Lair:5   | Reached skill level 18 in Stealth
 20880 | D:12     | Killed mhtbhm's ghost
 21119 | D:12     | Identified the +6 rapier of Venymu {flame, *Slow rC- Str+8
                  | Int+4}
 21735 | D:13     | Reached XP level 15. HP: 81/81 MP: 16/16
 21806 | D:13     | Found a frozen archway.
 21819 | IceCv    | Entered an ice cave
 22429 | IceCv    | Identified the +5 arbalest of Arbitration {heavy, rN++
                  | Str-5 Int+2 Dex+4} (Okawaru gifted it to you in an ice
                  | cave)
 22429 | IceCv    | Received a gift from Okawaru
 23046 | D:13     | Noticed Josephine
 23047 | D:13     | Noticed Erolcha
 23062 | D:13     | Killed Josephine
 23064 | D:13     | Killed Erolcha
 23302 | D:14     | Reached skill level 19 in Stealth
 23632 | D:14     | Identified the +0 hat "Qeish" {rC++} (Okawaru gifted it to
                  | you on level 14 of the Dungeon)
 23632 | D:14     | Received a gift from Okawaru
 23936 | D:14     | Found a stormy altar of Qazlal.
 24402 | D:14     | Found a gate to the Vaults.
 24469 | D:15     | Entered Level 15 of the Dungeon
 24507 | D:15     | Noticed Nessos
 24508 | D:15     | Killed Nessos
 24601 | D:15     | Reached skill level 1 in Translocations
 24604 | D:15     | Reached skill level 1 in Spellcasting
 24840 | D:15     | Found a white marble altar of Elyvilon.
 24878 | D:15     | Reached skill level 20 in Stealth
 25291 | D:15     | Found a staircase to the Depths.
 25536 | Orc:1    | Entered Level 1 of the Orcish Mines
 25547 | Orc:1    | Noticed Fannar
 25556 | Orc:1    | Killed Fannar
 25641 | Orc:1    | Reached XP level 16. HP: 83/88 MP: 20/20
 25716 | Orc:2    | Entered Level 2 of the Orcish Mines
 25737 | Orc:2    | Found a staircase to the Elven Halls.
 26015 | Orc:2    | Reached skill level 5 in Translocations
 26169 | Orc:2    | Found a large runed translucent door.
 26169 | Orc:2    | Found a large runed translucent door.
 26170 | Orc:2    | Noticed Paroid's ghost (journeyman DrMo)
 26203 | Orc:2    | Identified the +10 pearl dragon scales "Jourgh" {rN+ MP+9
                  | Str+4 Slay+3} (Okawaru gifted it to you on level 2 of the
                  | Orcish Mines)
 26203 | Orc:2    | Received a gift from Okawaru
 26255 | Orc:2    | Found Icrofruk's Armour Shop.
 26255 | Orc:2    | Found Tydwomun's Antique Weapon Shoppe.
 26255 | Orc:2    | Found Veosoghe's Jewellery Shoppe.
 26255 | Orc:2    | Found Ejitenesag's Weapon Boutique.
 26274 | Orc:2    | Bought an amulet of faith for 560 gold pieces
 26274 | Orc:2    | Bought the ring "Xecivar" {rElec rF+ Str-3 Int+3} for 546
                  | gold pieces
 26274 | Orc:2    | Bought an amulet of regeneration for 420 gold pieces
 26548 | Orc:2    | Killed Paroid's ghost
 26664 | Orc:1    | Noticed Harold
 26669 | Orc:2    | Killed Harold
 26670 | Orc:2    | Reached skill level 1 in Invocations
 26672 | Orc:1    | Noticed Sonja
 26682 | Orc:1    | Killed Sonja
 27349 | Snake:1  | Entered Level 1 of the Snake Pit
 27349 | Snake:1  | Noticed Aizul
 27358 | Snake:1  | Killed Aizul
 27438 | Snake:1  | Found Acloyff's Antique Armour Emporium.
 27448 | Snake:1  | Found Wofygrod's Book Emporium.
 27756 | Snake:1  | Reached skill level 21 in Stealth
 27773 | Snake:1  | Found Jeisul's Weapon Shop.
 28056 | Snake:1  | Got Kocurchen's Exposition on Cursed Dark Deeds
 28065 | Snake:1  | Received a gift from Okawaru
 28737 | Snake:2  | Reached skill level 5 in Invocations
 28750 | Snake:2  | Noticed Vashnia
 28759 | Snake:2  | Killed Vashnia
 28772 | Snake:2  | Identified the +1 cloak of Monotheism {Will+++ Regen+ rCorr
                  | Str-4} (Okawaru gifted it to you on level 2 of the Snake
                  | Pit)
 28772 | Snake:2  | Received a gift from Okawaru
 28844 | Snake:2  | HP: 1/89 [shock serpent/bolt of electricity (17)]
 28933 | Snake:2  | Reached XP level 17. HP: 81/94 MP: 24/24
 29659 | Snake:4  | Entered Level 4 of the Snake Pit
 29713 | Snake:4  | Identified the +6 arbalest of Ujoxzaeto {speed, rC+}
                  | (Okawaru gifted it to you on level 4 of the Snake Pit)
 29713 | Snake:4  | Received a gift from Okawaru
 29944 | Snake:4  | Noticed Asterion
 29986 | Snake:4  | Killed from afar by Asterion

Illustrated notes

Levels and vault maps discovered:
D:1:      matt_arrival_diagonals, layout_basic, minmay_box_of_dots
D:2:      layout_loops_cross, minmay_tetromino_s4
D:3:      layout_basic, grunt_temple_overflow_lords_of_destruction,
          led_xom_imps, hangedman_decor_riveting, roderic_lattice_a
D:4:      layout_cave_pools, nicolae_uskayaw_suspiria,
          minmay_temple_entry_statues_fountains, uniq_sigmund
D:5:      layout_gridville, uniq_pikel
D:6:      layout_loops_corners, mainiacjoe_overflow_cross_hatched, minivault_1,
          minmay_misc_feat_roman, grunt_decor_resistance, uniq_edmund
D:7:      layout_basic, mainiacjoe_overflow_surrounded_room,
          gammafunk_temple_overflow_forgotten,
          mainiacjoe_overflow_concentric_impassable
D:8:      cheibrodos_fzero, layout_loops_ring, gammafunk_ghost_arena,
          minmay_nine_imps
D:9:      layout_basic, mainiacjoe_overflow_alcove_2,
          grunt_lair_entry_orc_guard_hut, hiddenorc2_lemuel,
          hangedman_glass_garden, dreamdust_mushroom_princess
D:10:     layout_stronghold
D:11:     layout_big_octagon, uniq_snorg
D:12:     layout_grid_maze, gammafunk_ghost_fury_of_okawaru
D:13:     layout_rooms, portal_ice_cave_entry_ice_simulacra, uniq_erolcha,
          uniq_josephine
D:14:     layout_gridville, hangedman_vaults_entry_quadrant_bands,
          gauntlet_entry_generic, nicolae_qazlal_eye_of_the_storm
D:15:     grunt_enter_depths_snipers, layout_basic, dreamdust_wishing_well,
          chequers_serial_rivers_large_b, elyvilon_altar_5, uniq_nessos
Temple:   jpeg_temple_clearing
Lair:1:   gammafunk_lair_enchanted_lake, layout_small_grid,
          hellmonk_ghost_happy_afterlife, hangedman_lair_generics_rect,
          lemuel_fruit_tree
Lair:2:   layout_regular_city, minmay_shoals_entry_centaurs,
          minmay_snake_entry_six_corridors, nicolae_quartered_pool_little,
          infiniplex_staircase_pool_2
Lair:3:   layout_long_grid, serial_bayou_shore_b
Lair:4:   layout_small_grid, slime_entry_2, bh_autumn_forest_stairs,
          grunt_megastairs_1, uniq_kirke
Lair:5:   hangedman_lair_tendril_chambers, layout_regular_city,
          serial_bayou_pond_c, chequers_serial_rivers_large_a,
          nicolae_lair_lindhole, uniq_rupert
Snake:1:  layout_grid_maze, serial_shops, nicolae_shop_bloodbath_and_beyond,
          st_stairs_7, minmay_shop_star, uniq_aizul
Snake:2:  layout_onion, grunt_megastairs_5, uniq_vashnia
Snake:3:  layout_onion_interference
Snake:4:  snake_pit_salamanders_mu, layout_layer_cave, st_stairs_1,
          uniq_asterion, uniq_roxanne
Orc:1:    layout_caves, uniq_harold, uniq_sonja, uniq_fannar
Orc:2:    st_orc_ogre_mass, layout_caves, ebering_ghost_disaster_area

Skill      XL: |  1  2  3  4  5  6  7  8  9 10 11 12 13 14 15 16 17 |
---------------+----------------------------------------------------+-----
Stealth        | 2 3 4 5 6 8 10 11 13 15 16 18 20 21 | 21.9
Dodging        | 3 4 5 6 7 8 10 11 13 14 15 17 18 19 | 19.0
Fighting       | 2 3 4 5 6 7 8 9 10 11 12 | 12.7
Ranged Weapons | 5 6 7 8 10 11 13 14 16 17 18 | 18.0
Translocations | 3 6 |  6.0
Spellcasting   | 2 4 |  4.0
Invocations    | 6 7 |  7.8

Action                   |  1- 3 |  4- 6 |  7- 9 | 10-12 | 13-15 | 16-18 || total
-------------------------+-------+-------+-------+-------+-------+-------++-------
 Fire: Shortbow          |   127 |   123 |   360 |   537 |       |       ||  1147
       Arbalest          |       |       |       |   361 |   421 |   415 ||  1197
       Hand crossbow     |       |       |       |       |   967 |   191 ||  1158
Evoke: Wand              |       |       |       |     4 |       |       ||     4
  Use: Scroll            |       |       |     7 |    10 |    16 |     4 ||    37
       Potion            |       |       |     3 |     1 |     7 |     2 ||    13
Armor: Robe              |     4 |     4 |    10 |    11 |       |       ||    29
       Animal skin       |       |       |       |    16 |    33 |    12 ||    61
Dodge: Dodged            |    51 |    45 |   194 |   429 |   826 |   357 ||  1902
       Repelled          |       |     1 |       |     7 |    11 |     4 ||    23

Table legend: (Time is in decaauts)
 A = Elapsed time spent in this place.
 B = Non-inter-level travel time spent in this place.
 C = Inter-level travel time spent in this place.
 D = Time resting spent in this place.
 E = Time spent auto-exploring this place.
 F = Levels seen in this place.
 G = Mean time per level.
                   A        B        C        D        E       F      G
               +--------+--------+--------+--------+--------+-----+--------+
         Total |  22906 |  21742 |   1164 |    682 |  14265 |  28 |  818.1 |
       Dungeon |  12560 |  11804 |    756 |    523 |   7856 |  15 |  837.3 |
        Temple |     71 |     49 |     22 |      0 |     36 |   1 |   71.0 |
          Lair |   5974 |   5809 |    165 |    118 |   3799 |   5 | 1194.8 |
     Snake Pit |   1991 |   1888 |    103 |     41 |   1246 |   4 |  497.8 |
  Orcish Mines |   1361 |   1244 |    117 |      0 |    717 |   2 |  680.5 |
      Ice Cave |    947 |    947 |      0 |      0 |    608 |   1 |  947.0 |
               +--------+--------+--------+--------+--------+-----+--------+

Top non-repeatable levels by time:
  Lair:5: 1909 daAuts
     D:8: 1528 daAuts
  Lair:1: 1358 daAuts
     D:7: 1351 daAuts
     D:9: 1349 daAuts
  Lair:4: 1186 daAuts
    D:12: 1116 daAuts
 Snake:1: 1038 daAuts
    D:14: 1009 daAuts
   Orc:2: 953 daAuts
   IceCv: 947 daAuts
     D:6: 790 daAuts
  Lair:2: 789 daAuts
     D:3: 730 daAuts
  Lair:3: 729 daAuts
